 Dungeon Crawl Stone Soup version 0.30.1-3-gfc49f6343a (webtiles) character file.

Game seed: 11375813939512219880

3156 sampeng1 the Fighter (level 10, -5/85 HPs)
             Began as a Human Fighter on July 28, 2023.
             Was an Initiate of Wu Jian.
             Slain by a hornet (10 damage)
             ... on level 7 of the Dungeon.
             The game lasted 00:26:01 (6361 turns).

sampeng1 the Fighter (Human Fighter)                Turns: 6361, Time: 00:26:02

Health: -5/85      AC: 17    Str: 22    XL:     10   Next: 15%
Magic:  10/10      EV:  6    Int:  8    God:    Wu Jian [......]
Gold:   312        SH: 10    Dex: 12    Spells: 9/9 levels left

rFire   . . .        a - +1 war axe
rCold   . . .        c - +0 buckler
rNeg    . . .        p - +0 plate armour
rPois   +            k - +0 helmet
rElec   .            E - +0 cloak
rCorr   .            n - +0 pair of gloves
SInv    .            (no boots)
Will    .....        l - amulet of reflection Stlth
                     b - ring of poison resistance
HPRegen 0.34/turn    (no ring)
MPRegen 0.12/turn

%: reflection
@: slowed, studying 2 skills, very slow
A: no striking features
a: Renounce Religion


You were on level 7 of the Dungeon.
You worshipped Wu Jian.
Wu Jian was noncommittal.
You visited 2 branches of the dungeon, and saw 8 of its levels.

You collected 312 gold pieces.

Inventory:

Hand Weapons
 a - a +1 war axe (weapon)
Missiles
 g - 4 datura-tipped darts (quivered)
 j - 19 poisoned darts
Armour
 c - a +0 buckler (worn)
 h - a +2 ring mail of fire resistance
 k - a +0 helmet (worn)
 n - a +0 pair of gloves (worn)
 o - a +1 hat
 p - a +0 plate armour (worn)
 E - a +0 cloak (worn)
Jewellery
 b - a ring of poison resistance (left hand)
 d - an amulet of magic regeneration
 e - an amulet of regeneration
 l - an amulet of reflection (around neck)
 y - an amulet of faith
 z - a ring of ice
Wands
 x - a wand of digging (4)
 C - a wand of polymorph (9)
Scrolls
 f - 2 scrolls of amnesia
 r - 4 scrolls of immolation
 s - a scroll of blinking
 t - 2 scrolls of teleportation
 u - 2 scrolls of fear
 w - a scroll of magic mapping
Potions
 m - a potion of ambrosia
 v - a potion of curing


   Skills:
 + Level 10.1 Fighting
 + Level 7.0 Axes
 + Level 7.4 Armour
 + Level 7.5 Shields


You had 9 spell levels left.
You didn't know any spells.
Your spell library contained the following spells:

 Spells                   Type           Power      Damage    Failure   Level
 Summon Small Mammal      Summ           0%         N/A       100%        1
 Call Canine Familiar     Summ           0%         N/A       100%        3
 Summon Guardian Golem    Hex/Summ       0%         N/A       100%        3
 Volatile Blastmotes      Fire/Tloc      0%         2d10      100%        3
 Fulminant Prism          Conj/Hex       0%         3d5       100%        4
 Iskenderun's Mystic Bla  Conj/Tloc      0%         2d3       100%        4
 Lee's Rapid Deconstruct  Erth           0%         3d4*      100%        5


Dungeon Overview and Level Annotations

Branches:
Dungeon (7/15)             Temple (1/1) D:6

Altars:
Ashenzari
Cheibriados
Dithmenos
Gozag
Hepliaklqana
Kikubaaqudgha
Makhleb
Nemelex Xobeh
Ru
Sif Muna
Uskayaw
Vehumet
Wu Jian
Yredelemnul
The Shining One


Message History

You barely miss the hornet.
You feel sick. You block the hornet's attack.
The hornet stings you but does no damage.
You closely miss the hornet.
You feel sick. You block the hornet's attack.
You barely miss the hornet.
You feel sick. You block the hornet's attack.
The hornet stings you but does no damage.
You hit the hornet.
The hornet is lightly wounded.
You feel sick.
You are no longer poisoned.
The hornet stings you.
The hornet stings you but does no damage.
You barely miss the hornet.
The hornet is lightly wounded.
The hornet stings you but does no damage.
The hornet stings you.
You feel yourself slow down.
You closely miss the hornet.
The hornet is lightly wounded.
You feel yourself speed up. The hornet stings you! x2
You hit the hornet.
The hornet is moderately wounded.
You block the hornet's attack. The hornet stings you!
You slash the hornet!
The hornet is heavily wounded.
You block the hornet's attack. The hornet stings you!
* * * LOW HITPOINT WARNING * * *
You feel better. The hornet stings you!
* * * LOW HITPOINT WARNING * * *
You feel yourself slow down.
You closely miss the hornet.
The hornet is heavily wounded.
You feel yourself speed up. The hornet barely misses you.
You block the hornet's attack. The hornet stings you!
* * * LOW HITPOINT WARNING * * *
You feel yourself slow down.
You closely miss the hornet.
The hornet is heavily wounded.
The hornet stings you!
You die...

#####....###
#....# #....#
#....#
########....#
!......#....#
#......#....#
#.....y#....#
.......@....#
............#
............#
.......#....#
.......#....#
...........##
...........#
.##.........


You could see a hornet.

Vanquished Creatures
  Prince Ribbit (D:6)
  Grinder (D:4)
  Sigmund (D:3)
  A steam dragon (D:7)
  Menkaure (D:6)
  Edmund (D:4)
  An ice beast (D:6)
  A sky beast (D:6)
  4 orc warriors
  3 black bears (D:5)
  2 ogres
  A kobold brigand (D:6)
  Blork the orc (D:5)
  2 bullfrogs (D:7)
  A scorpion (D:5)
  A gnoll bouda (D:6)
  2 jellies (D:6)
  4 hounds
  10 orc priests
  Crazy Yiuf (D:6)
  3 iguanas (D:6)
  4 orc wizards
  Robin (D:3)
  6 gnolls
  6 adders
  2 ufetubi
  A dart slug (D:5)
  23 orcs
  7 endoplasms
  17 goblins
  7 hobgoblins
  3 quokkas
  6 ball pythons
  10 bats
  4 frilled lizards
  10 kobolds
  4 rats (D:1)
154 creatures vanquished.

Notes
Turn   | Place    | Note
-------+----------+-------------------------------------------
     0 | D:1      | sampeng1 the Human Fighter began the quest for the Orb.
     0 | D:1      | Reached XP level 1. HP: 18/18 MP: 1/1
   142 | D:1      | Reached XP level 2. HP: 24/24 MP: 2/2
   369 | D:1      | Reached XP level 3. HP: 29/29 MP: 3/3
  1268 | D:3      | You fall into a shaft and drop 2 floors!
  1268 | D:5      | Entered Level 5 of the Dungeon
  1340 | D:5      | Noticed a scorpion
  1350 | D:5      | Killed a scorpion
  1351 | D:5      | Reached skill level 4 in Fighting
  1351 | D:5      | Reached XP level 4. HP: 21/37 MP: 4/4
  1471 | D:4      | Noticed Grinder
  1476 | D:4      | Reached XP level 5. HP: 42/42 MP: 5/5
  1483 | D:4      | Paralysed by Grinder for 3 turns
  1489 | D:4      | HP: 1/43 [Grinder (6)]
  1494 | D:4      | Killed Grinder
  1495 | D:4      | Reached skill level 5 in Fighting
  1495 | D:4      | Reached XP level 6. HP: 7/51 MP: 6/6
  1661 | D:3      | Found a faded altar of an unknown god.
  1662 | D:3      | Noticed Sigmund
  1665 | D:3      | Noticed Robin
  1676 | D:3      | Killed Robin
  1678 | D:3      | Killed Sigmund
  1679 | D:3      | Reached XP level 7. HP: 51/57 MP: 7/7
  1756 | D:3      | Reached skill level 6 in Fighting
  2122 | D:3      | Prayed at the altar of an unknown god.
  2122 | D:3      | Became a worshipper of Makhleb the Destroyer
  2122 | D:3      | Reached * piety under Makhleb
  2209 | D:4      | Found a glowing golden altar of the Shining One.
  2269 | D:4      | Noticed Edmund
  2300 | D:4      | Killed Edmund
  2301 | D:4      | Reached skill level 5 in Armour
  2301 | D:4      | Reached skill level 5 in Shields
  2585 | D:4      | Reached XP level 8. HP: 65/65 MP: 8/8
  3029 | D:5      | Reached skill level 7 in Fighting
  3357 | D:5      | Noticed Blork the orc
  3361 | D:5      | Reached ** piety under Makhleb
  3364 | D:5      | Reached skill level 5 in Axes
  3371 | D:5      | Killed Blork the orc
  3516 | D:5      | Found a snail-covered altar of Cheibriados.
  3972 | D:5      | Reached skill level 8 in Fighting
  3972 | D:5      | Reached XP level 9. HP: 71/74 MP: 9/9
  4749 | D:6      | Noticed Menkaure
  4758 | D:6      | Killed Menkaure
  4833 | D:6      | Reached skill level 9 in Fighting
  4996 | D:6      | Reached *** piety under Makhleb
  5210 | D:6      | Found a staircase to the Ecumenical Temple.
  5217 | Temple   | Entered the Ecumenical Temple
  5357 | Temple   | Fell from the grace of Makhleb
  5357 | Temple   | Became a worshipper of the Wu Jian Council
  5533 | D:6      | Noticed Prince Ribbit
  5563 | D:6      | Killed Prince Ribbit
  5564 | D:6      | Reached XP level 10. HP: 54/84 MP: 10/10
  5716 | D:6      | Found a runed translucent door.
  5717 | D:6      | Noticed Crazy Yiuf
  5729 | D:6      | Killed Crazy Yiuf
  6018 | D:7      | Reached skill level 10 in Fighting
  6088 | D:7      | HP: 4/85 [poisoned by an orc wizard]
  6360 | D:7      | HP: 4/85 [hornet (11)]
  6361 | D:7      | Slain by a hornet

Illustrated notes

Levels and vault maps discovered:
D:1:      minmay_arrival_radiant_lines, layout_basic, minmay_pentomino_q2
D:2:      layout_basic, nicolae_elevator_lobby_asterisk
D:3:      layout_basic, ebering_ecumenical_altar_box, minivault_14,
          hangedman_decor_growths, uniq_robin, uniq_sigmund
D:4:      layout_loops_ring, nicolae_tso_carved_into_rock,
          ebering_dispersal_statue_hall, kennysheep_boxes, uniq_edmund,
          uniq_grinder
D:5:      layout_basic, kennysheep_slug_shrine, minmay_manual_maat,
          uniq_blork_the_orc
D:6:      layout_basic, minmay_temple_entry_metal_lava, uniq_menkaure,
          uniq_crazy_yiuf_cottage, uniq_prince_ribbit1
D:7:      layout_basic, grunt_temple_overflow_bloody_war,
          chequers_hall_statues_corner_a
Temple:   nicolae_temple_hex_pool

Skill      XL: |  1  2  3  4  5  6  7  8  9 10 |
---------------+-------------------------------+-----
Fighting       | 4 5 6 8 9 10 | 10.1
Axes           | 3 4 5 6 7 |  7.0
Armour         | 4 5 6 7 |  7.4
Shields        | 4 5 6 7 |  7.5

Action                     |  1- 3 |  4- 6 |  7- 9 | 10-12 || total
---------------------------+-------+-------+-------+-------++-------
  Melee: War axe           |    85 |    37 |   382 |    62 ||   566
Ability: Lunge             |       |       |       |     4 ||     4
    Use: Potion            |     4 |     4 |       |     2 ||    10
         Scroll            |     5 |       |       |     9 ||    14
 Armour: Scale mail        |    50 |       |       |       ||    50
         Plate armour      |     4 |    35 |   213 |    34 ||   286
  Dodge: Dodged            |    43 |     9 |    92 |    14 ||   158
  Block: Buckler           |    38 |    25 |   222 |    29 ||   314
         Reflection        |       |       |     3 |       ||     3
